 Dungeon Crawl Stone Soup version 0.21.1-1-g345015fe64 (webtiles) character file.

2021 Oravi the Changer (level 9, -4/68 HPs)
             Began as a Merfolk Transmuter on May 5, 2018.
             Killed from afar by htuhola's ghost (28 damage)
             ... with a flame tongue
             ... on level 7 of the Dungeon.
             The game lasted 00:22:11 (5707 turns).

Oravi the Changer (Merfolk Transmuter)              Turns: 5707, Time: 00:22:13

Health: -4/68      AC:  2    Str: 19    XL:     9   Next: 23%
Magic:  4/16       EV: 27    Int: 19    God:
Gold:   353        SH:  0    Dex: 22    Spells: 11/17 levels left

rFire    . . .     SeeInvis +     - Unarmed
rCold    . . .     Gourm    .   (shield currently unavailable)
rNeg     . . .     Faith    .   (armour currently unavailable)
rPois    x         Spirit   .   (helmet currently unavailable)
rElec    .         Reflect  .   (cloak currently unavailable)
rCorr    .         Harm     .   (gloves currently unavailable)
MR       .....                  (boots currently unavailable)
Stlth    +++.......             m - amulet of rage
HPRegen  0.21/turn              p - ring "Bialobly" {Str+3 Int+4 Dex+3 SInv Stlth+}
MPRegen  0.15/turn              (no ring)

@: mighty, spider-form
A: tiny, (change form in water), (swift swim), (stealthy swim)
a: End Transformation, Evoke Berserk Rage


You were on level 7 of the Dungeon.
You were not hungry.
You were a venomous arachnid creature.
You visited 2 branches of the dungeon, and saw 8 of its levels.

You collected 353 gold pieces.

Inventory:

Missiles
 a - 86 arrows
Armour
 n - a +0 helmet (melded)
 w - a scarf of spirit shield
 y - a +1 robe of positive energy (melded)
Jewellery
 m - an amulet of rage (around neck)
 p - the ring "Bialobly" (left front leg) {Str+3 Int+4 Dex+3 SInv Stlth+}
   (You found it on level 4 of the Dungeon)

   [ring of see invisible]

   It affects your strength (+3).
   It affects your intelligence (+4).
   It affects your dexterity (+3).
   It lets you see invisible.
   It makes you more stealthy.
Wands
 i - a wand of disintegration (14)
 l - a wand of polymorph (19)
 v - a wand of digging (14)
Scrolls
 e - 2 scrolls of enchant armour
 f - 3 scrolls of remove curse
 k - 3 scrolls of teleportation
 r - 3 scrolls of identify
 t - 4 scrolls of blinking
Potions
 g - 2 potions of curing
 h - a potion of lignification
 j - 3 potions of mutation
 s - a potion of heal wounds {unknown}
 u - a potion of degeneration {unknown}
 x - a potion of agility {unknown}
Books
 c - a book of Changes

   Spells                             Type                      Level
   a - Beastly Appendage              Transmutation                1
   b - Sticks to Snakes               Transmutation                2
   c - Spider Form                    Transmutation/Poison         3
   d - Ice Form                       Ice/Transmutation            4
   e - Blade Hands                    Transmutation                5
 q - a book of Maledictions

   Spells                             Type                      Level
   a - Corona                         Hexes                        1
   b - Ensorcelled Hibernation        Hexes/Ice                    2
   c - Confuse                        Hexes                        3
   d - Tukima's Dance                 Hexes                        3
   e - Dazzling Spray                 Conjuration/Hexes            3
Comestibles
 b - a chunk of flesh
 d - 15 rations


   Skills:
 + Level 5.4 Fighting
 + Level 6.7 Dodging
 + Level 6.8 Unarmed Combat
 + Level 4.7 Spellcasting
 + Level 7.5 Transmutations
 - Level 3.4 Poison Magic


You had 11 spell levels left.
You knew the following spells:

 Your Spells              Type           Power        Failure   Level  Hunger
a - Spider Form           Tmut/Pois      ####......   13%         3    ###....
b - Sticks to Snakes      Tmut           ####....     4%          2    #......
c - Beastly Appendage     Tmut           ####..       3%          1    None


Dungeon Overview and Level Annotations

Branches:
Dungeon (7/15)             Temple (1/1) D:7

Altars:
Ashenzari
Cheibriados
Dithmenos
Elyvilon
Fedhas
Gozag
Hepliaklqana
Nemelex Xobeh
Qazlal
Ru
Sif Muna
Uskayaw
Vehumet
Wu Jian
Xom
Yredelemnul
Zin
The Shining One

Annotations:
D:3 Tegun's ghost, amateur OgSk
D:7 htuhola's ghost, novice DsFE


Message History

Your ball python misses htuhola's ghost.
Your adder closely misses htuhola's ghost.
Your adder bites htuhola's ghost but does no damage.
You barely miss htuhola's ghost.
Htuhola's ghost is heavily damaged.
Your water moccasin closely misses htuhola's ghost.
Your ball python barely misses htuhola's ghost.
Your ball python bites htuhola's ghost but does no damage.
Htuhola's ghost hits you!
You writhe in agony.
Your ball python closely misses htuhola's ghost.
Your adder completely misses htuhola's ghost.
Your adder barely misses htuhola's ghost.
Your water moccasin barely misses htuhola's ghost.
You bite htuhola's ghost!
Htuhola's ghost is severely damaged.
Your ball python barely misses htuhola's ghost. x2
Your ball python closely misses htuhola's ghost.
Htuhola's ghost casts a spell at you. The flame tongue hits you!
You die...

#...#W#.# #...............#
#.#.#...# ##...............#
#.#..####.##...............#
#.#...W...##...............#
#...............#####......##
#####W######.##.#####.........
...............S...............
.......#####(#SSS..............#
.........#....SWs..............#
.$...#.#.#.....SS......#########
....W....#.............#
.........#.#.##........#
#####....#.#.###########
....#.#.# .$#.# #.


You could see htuhola's ghost, a friendly water moccasin, 3 friendly adders and
3 friendly ball pythons.

Vanquished Creatures
  Pikel (D:4)
  Grinder (D:3)
  A water moccasin (D:5)
  2 sky beasts (D:7)
  A slave (D:4)
  A phantom (D:7)
  A centaur (D:5)
  Blork the orc (D:6)
  3 bullfrogs
  A scorpion (D:5)
  A howler monkey (D:6)
  A crimson imp (D:7)
  A jelly (D:5)
  3 hounds (D:5)
  An iguana (D:4)
  Natasha (thrice) (D:3)
  A worker ant (D:4)
  2 hound skeletons
  8 gnolls
  7 adders
  An ooze (D:4)
  3 adder skeletons
  An adder zombie (D:5)
  3 worms
  7 dart slugs
  A leopard gecko (D:2)
  6 orcs
  A ball python (D:3)
  4 giant cockroaches
  4 goblins
  5 hobgoblins
  17 jackals
  3 quokkas
  4 bats
  5 frilled lizards
  6 kobolds
  A quokka zombie (D:5)
  8 rats
121 creatures vanquished.

Vanquished Creatures (others)
  A jackal (D:4)
1 creature vanquished.

Grand Total: 122 creatures vanquished

Notes
Turn   | Place    | Note
-------+----------+-------------------------------------------
     0 | D:1      | Oravi the Merfolk Transmuter began the quest for the Orb.
     0 | D:1      | Reached XP level 1. HP: 15/15 MP: 3/3
   210 | D:1      | Reached skill level 3 in Transmutations
   450 | D:1      | Reached XP level 2. HP: 17/21 MP: 3/5
   731 | D:1      | Reached XP level 3. HP: 9/26 MP: 3/6
   735 | D:1      | Learned a level 2 spell: Sticks to Snakes
   739 | D:1      | Learned a level 3 spell: Spider Form
   921 | D:1      | You fall through a shaft!
   948 | D:2      | Found a stormy altar of Qazlal.
  1062 | D:2      | Found a blossoming altar of Fedhas.
  1173 | D:2      | Reached skill level 4 in Transmutations
  1335 | D:2      | Reached XP level 4. HP: 32/32 MP: 2/7
  2050 | D:3      | Found a shimmering altar of Xom.
  2111 | D:3      | Reached skill level 1 in Poison Magic
  2202 | D:3      | Noticed Tegun's ghost (amateur OgSk)
  2270 | D:3      | Found a shimmering altar of Xom.
  2271 | D:3      | Found a shimmering altar of Xom.
  2272 | D:3      | You fall through a shaft!
  2300 | D:3      | Noticed Natasha
  2305 | D:3      | Killed Natasha
  2305 | D:3      | Reached XP level 5. HP: 32/38 MP: 5/8
  2320 | D:3      | Noticed Natasha
  2425 | D:3      | Killed Natasha
  2672 | D:3      | Noticed Grinder
  2688 | D:3      | Killed Grinder
  2688 | D:3      | Reached skill level 5 in Transmutations
  2688 | D:3      | Reached XP level 6. HP: 36/46 MP: 5/10
  2783 | D:3      | Noticed Natasha
  2791 | D:3      | Killed Natasha
  2791 | D:3      | Reached skill level 5 in Unarmed Combat
  2800 | D:3      | Found a hide-covered altar of Uskayaw.
  2816 | D:3      | Reached XP level 7. HP: 38/51 MP: 7/11
  3022 | D:4      | Noticed Pikel
  3047 | D:4      | Killed Pikel
  3047 | D:4      | Reached XP level 8. HP: 24/60 MP: 9/13
  3093 | D:4      | Reached skill level 5 in Dodging
  3093 | D:4      | Reached skill level 6 in Transmutations
  3410 | D:4      | Got a translucent golden ring
  3941 | D:5      | Entered Level 5 of the Dungeon
  3942 | D:5      | Identified the ring "Bialobly" {Str+3 Int+4 Dex+3 SInv Stlth+} (You found it on level 4 of the Dungeon)
  4773 | D:6      | Noticed Blork the orc
  4793 | D:6      | Killed Blork the orc
  4825 | D:6      | Reached skill level 7 in Transmutations
  5050 | D:6      | Found a sparkling altar of Nemelex Xobeh.
  5100 | D:6      | Found a deep blue altar of Sif Muna.
  5298 | D:7      | Noticed htuhola's ghost (novice DsFE)
  5302 | D:7      | Reached skill level 5 in Fighting
  5334 | D:7      | Found a staircase to the Ecumenical Temple.
  5344 | Temple   | Entered the Ecumenical Temple
  5420 | D:7      | Reached XP level 9. HP: 60/68 MP: 12/15
  5707 | D:7      | Killed from afar by htuhola's ghost

Skill      XL: |  1  2  3  4  5  6  7  8 |
---------------+-------------------------+-----
Transmutations | 3 4 5 7 |  7.5
Unarmed Combat | 4 5 6 |  6.8
Poison Magic   | 1 2 3 |  3.4
Dodging        | 3 4 6 |  6.7
Fighting       | 2 3 5 |  5.4
Spellcasting   | 3 4 |  4.7

Action                   |  1- 3 |  4- 6 |  7- 9 || total
-------------------------+-------+-------+-------++-------
Melee: Unarmed           |   104 |   130 |   184 ||   418
       Headbutt          |     3 |       |       ||     3
 Cast: Beastly Appendage |    14 |       |       ||    14
       Spider Form       |     7 |    15 |    28 ||    50
       Sticks to Snakes  |       |       |     6 ||     6
  Use: Scroll            |       |     6 |     8 ||    14
       Potion            |       |       |     1 ||     1
 Stab: Sleeping          |     3 |       |     6 ||     9
  Eat: Chunk             |     3 |     7 |    13 ||    23
Armor: Robe              |    21 |    12 |     2 ||    35
       Skin              |     1 |     4 |     5 ||    10
Dodge: Dodged            |    81 |   115 |   162 ||   358
